 Dungeon Crawl Stone Soup version 0.22-a0-772-gac08f70 (webtiles) character file.

169 Amnesiac the Digger (level 5, 30/35 HPs)
             Began as a Demonspawn Earth Elementalist on July 17, 2018.
             Quit the game on level 4 of the Dungeon.
             The game lasted 00:04:46 (813 turns).

Amnesiac the Digger (Demonspawn Earth Elementalist)  Turns: 813, Time: 00:04:47

Health: 30/35      AC:  6    Str:  8    XL:     5   Next: 25%
Magic:  5/9        EV: 13    Int: 18    God:
Gold:   50         SH:  0    Dex: 13    Spells: 7/10 levels left

rFire    . . .     SeeInvis .   c - +0 dagger
rCold    . . .     Gourm    .   (no shield)
rNeg     . . .     Faith    .   f - +1 steam dragon scales
rPois    .         Spirit   .   (helmet restricted)
rElec    .         Reflect  .   (no cloak)
rCorr    .         Harm     .   (no gloves)
MR       .....                  (no boots)
Stlth    ++........             m - amulet of rage
HPRegen  0.11/turn              (no ring)
MPRegen  0.11/turn              (no ring)

@: no status effects
A: horns 1, powered by death 1, sturdy frame 1
a: Evoke Berserk Rage


You were on level 4 of the Dungeon.
You were not hungry.

You visited 1 branch of the dungeon, and saw 4 of its levels.

You collected 50 gold pieces.

Inventory:

Hand Weapons
 c - a +0 dagger (weapon)
Missiles
 b - 30 stones (quivered)
Armour
 f - +1 steam dragon scales (worn)
Jewellery
 m - an amulet of rage (around neck)
 p - an uncursed ring of stealth {unknown}
Scrolls
 k - a scroll of identify {!r, unknown}
 o - a scroll of magic mapping {!r, unknown}
Potions
 a - a potion of flight {!q, unknown}
 e - a potion of berserk rage {!q, unknown}
 i - a potion of resistance {!q, unknown}
 j - 2 potions of lignification {!q, unknown}
 l - a potion of ambrosia {!q, unknown}
 n - a potion of degeneration {!q, unknown}
Comestibles
 d - 2 rations
 g - a chunk of flesh


   Skills:
 - Level 2.5 Dodging
 - Level 2.0 Stealth
 + Level 3.1 Spellcasting
 - Level 1.0 Transmutations
 * Level 4.4 Earth Magic


You had 7 spell levels left.
You knew the following spells:

 Your Spells              Type           Power        Failure   Level  Hunger
a - Sandblast             Erth           ###...       2%          1    None
b - Passwall              Tmut/Erth      ##......     9%          2    ##.....

Your spell library contained the following spells:

 Spells                   Type           Power        Failure   Level  Hunger
 Stone Arrow              Conj/Erth      ##....       21%         3    ###....
 Lee's Rapid Deconstruct  Erth           ###.......   58%         5    ######.
 Petrify                  Tmut/Erth      ##......     47%         4    ####...


Dungeon Overview and Level Annotations

Branches:
Dungeon (4/15)
 Temple: D:4-7

Altars:
Kikubaaqudgha
Okawaru
Qazlal
Ru
Sif Muna


Innate Abilities, Weirdness & Mutations

You have a pair of small horns on your head.
You regenerate a little health from kills.
Your movements are slightly less encumbered by armour. (ER -2)


Message History

The bat hits you but does no damage. x2; The ball python barely misses you. x2
You enter the shallow water.
Moving in this stuff is going to be slow.
The bat closely misses you. The bat misses you. The bat closely misses you.
You enter the shallow water.
Moving in this stuff is going to be slow.
Your surroundings suddenly seem different.
There is a stone staircase leading up here.
You start resting.
The rat is too close now for your liking.
You closely miss the rat. The rat barely misses you.
You hit the rat.
The rat is heavily wounded.
The rat closely misses you.
You hit the rat.
You kill the rat!
No target in view!
You see here a rat corpse.
You butcher the rat corpse.
g - 8 chunks of flesh (gained 1)
There is a stone staircase leading up here.
You start resting.
Some of the chunks of flesh in your inventory have rotted away. x2
HP restored.
There is a stone staircase leading down here.
You climb downwards.
There is a stone staircase leading up here.
You hear a zap.
You hear a grinding noise.
A giant cockroach comes into view.
The giant cockroach moves out of view.
e - a fuming coppery potion {!q} A scorpion comes into view.
A scorpion is nearby!
Casting: Sandblast (safe; 3% risk of failure)
Confirm with . or Enter, or press ? or * to list all spells.
Aiming: Sandblast (safe; 3% risk of failure)
Press: ? - help, Shift-Dir - straight line, f - scorpion
Aim: a scorpion The blast of sand hits the scorpion.
The scorpion is heavily wounded.
b - 32 stones The scorpion stings you but does no damage.
Casting: Sandblast (safe; 3% risk of failure)
Confirm with . or Enter, or press ? or * to list all spells.
Aiming: Sandblast (safe; 3% risk of failure)
Press: ? - help, Shift-Dir - straight line, f/p - scorpion
Aim: a scorpion (heavily wounded)
The blast of sand misses the scorpion.
b - 31 stones The scorpion stings you.
Casting: Sandblast (safe; 3% risk of failure)
Confirm with . or Enter, or press ? or * to list all spells.
Aiming: Sandblast (safe; 3% risk of failure)
Press: ? - help, Shift-Dir - straight line, f/p - scorpion
Aim: a scorpion (heavily wounded)
The blast of sand hits the scorpion.
You kill the scorpion!
Your Spellcasting skill increases to level 3!
You have reached level 5!
Your demonic ancestry asserts itself...
A pair of horns grows on your head!
b - 30 stones Are you sure you want to abandon this character and quit the game? (Confirm with "yes".)

##### ###...# #
......# ...
#...#######.... #
#.
######.............
.#..
##........@...#
##.#.
.........####.#
.... ##.####.## .#
##.#. .........# .#
###.... ...####..#
.# #...#..
#....#..# .# #....
#...# .# ####.
####..# .# #.
#.##..# #. ##.


There were no monsters in sight!

Vanquished Creatures
  A scorpion (D:4)
  A hound (D:4)
  2 orc wizards (D:4)
  An adder (D:4)
  An adder skeleton (D:4)
  A dart slug (D:2)
  2 leopard geckos (D:4)
  3 orcs
  A bat (D:1)
  3 goblins
  A hobgoblin (D:2)
  A kobold (D:3)
  A quokka (D:2)
  2 frilled lizards (D:4)
  A rat (D:3)
22 creatures vanquished.

Notes
Turn   | Place    | Note
-------+----------+-------------------------------------------
     0 | D:1      | Amnesiac the Demonspawn Earth Elementalist began the quest for the Orb.
     0 | D:1      | Reached XP level 1. HP: 13/13 MP: 3/3
   125 | D:2      | Gained mutation: You regenerate a little health from kills. [demonic ancestry]
   125 | D:2      | Reached XP level 2. HP: 19/19 MP: 1/5
   134 | D:2      | Learned a level 2 spell: Passwall
   226 | D:3      | Reached skill level 3 in Earth Magic
   278 | D:3      | Reached skill level 1 in Transmutations
   366 | D:4      | Found an iron altar of Okawaru.
   383 | D:4      | Found a sacrificial altar of Ru.
   383 | D:4      | Found an ancient bone altar of Kikubaaqudgha.
   383 | D:4      | Found a deep blue altar of Sif Muna.
   385 | D:4      | Found a stormy altar of Qazlal.
   440 | D:4      | Reached XP level 3. HP: 24/24 MP: 3/6
   455 | D:4      | Gained mutation: Your movements are slightly less encumbered by armour. (ER -2) [demonic ancestry]
   455 | D:4      | Reached XP level 4. HP: 28/30 MP: 0/7
   553 | D:4      | Reached skill level 4 in Earth Magic
   638 | D:3      | Found a faded altar of an unknown god.
   812 | D:4      | Gained mutation: You have a pair of small horns on your head. [demonic ancestry]
   812 | D:4      | Reached XP level 5. HP: 30/35 MP: 5/9
   813 | D:4      | Quit the game

Vault maps used:
D:1:      sevenhm_arrival_forest_fort_small_3, minmay_pentomino_t4
D:2:      minmay_misc_feat_rows, hex_large, kennysheep_generic_room_2
D:3:      chequers_ecumenical_altar_island, first_ration, uniq_terence
D:4:      nicolae_overflow_hidden_temple

Skill      XL: |  1  2  3  4 |
---------------+-------------+-----
Stealth        | 2 |  2.0
Dodging        | 2 |  2.5
Earth Magic    | 3 4 |  4.4
Transmutations | 1 |  1.0
Spellcasting   | 3 |  3.1

Action                   |  1- 3 |  4- 6 || total
-------------------------+-------+-------++-------
Melee: Dagger            |    14 |    25 ||    39
 Cast: Sandblast         |    29 |    14 ||    43
       Passwall          |     2 |       ||     2
 Abil: Evoke Berserk Rag |     1 |       ||     1
  Use: Scroll            |     1 |     2 ||     3
  Eat: Chunk             |       |     1 ||     1
Armor: Steam dragon scal |     6 |     9 ||    15
Dodge: Dodged            |     9 |    51 ||    60

Table legend:
 A = Spawn XP
 B = Non-spawn XP
 C = Spawn XP percentage of total XP
 D = Spawn monster count
 E = Non-spawn monster count
 F = Spawn count percentage of total count
 G = Total turns spent on level
                    A         B        C        D         E        F      G
               +---------+---------+-------+---------+---------+-------+---------
         Total |       0 |     242 |   0.0 |       0 |      22 |   0.0 |   813
               +---------+---------+-------+---------+---------+-------+---------
           D:1 |       0 |       4 |   0.0 |       0 |       2 |   0.0 |    73
           D:2 |       0 |      10 |   0.0 |       0 |       4 |   0.0 |   136
           D:3 |       0 |       8 |   0.0 |       0 |       4 |   0.0 |   269
           D:4 |       0 |     220 |   0.0 |       0 |      12 |   0.0 |   335
               +---------+---------+-------+---------+---------+-------+---------
